 Dungeon Crawl Stone Soup version 0.31.0-9-g3a7656b989 (webtiles) character file.

Game seed: 15638763008079371206

973 EWolf27 the Digger (level 8, -3/43 HPs)
             Began as a Gargoyle Earth Elementalist on Feb 1, 2024.
             Slain by an iguana (6 damage)
             ... on level 5 of the Dungeon on Feb 2, 2024.
             The game lasted 00:25:06 (6305 turns).

EWolf27 the Digger (Gargoyle Earth Elementalist)    Turns: 6305, Time: 00:25:07

Health: -3/43      AC:  8    Str: 12    XL:     8   Next: 16%
Magic:  20/23      EV: 12    Int: 18    God:
Gold:   196        SH:  0    Dex: 10    Spells: 7/15 levels left

rFire   . . .        a - +4 mace
rCold   + . .        (no shield)
rNeg    + . .        t - +1 robe {Will+}
rPois   ∞            (no helmet)
rElec   +            (no cloak)
rCorr   .            (no gloves)
SInv    .            (no boots)
Will    +....        f - amulet of the acrobat
Stlth   ++           e - ring of protection from cold
HPRegen 0.27/turn    v - ring of magical power
MPRegen 0.18/turn

%: acrobat
@: no status effects
A: sickness immunity, AC +5, negative energy resistance 1, electricity
resistance, torment resistance 1, petrification resistance
a: no special abilities


You were on level 5 of the Dungeon.
You visited 2 branches of the dungeon, and saw 6 of its levels.

You collected 196 gold pieces.

Inventory:

Hand Weapons
 a - a +4 mace (weapon)
 d - a +0 dagger
Missiles
 h - 2 poisoned darts (quivered)
Armour
 t - a +1 robe of willpower (worn)
Jewellery
 e - a ring of protection from cold (left hand)
 f - an amulet of the acrobat (around neck)
 v - a ring of magical power (right hand)
Wands
 k - a wand of flame (16)
 u - a wand of quicksilver (6)
Scrolls
 c - 2 scrolls of teleportation
 i - a scroll of enchant weapon
 j - a scroll of identify
 l - a scroll of summoning
 p - 2 scrolls of blinking
 q - 2 scrolls of noise {unknown}
 r - a scroll of amnesia {unknown}
Potions
 b - 2 potions of magic
 g - a potion of resistance {unknown}
 n - 2 potions of curing
 s - a potion of heal wounds {unknown}


   Skills:
 + Level 1.6 Fighting
 + Level 3.9 Maces & Flails
 + Level 0.5 Throwing
 + Level 2.9 Dodging
 - Level 2.1 Stealth
 + Level 4.3 Spellcasting
 * Level 4.0 Conjurations
 + Level 6.5 Earth Magic


You had 7 spell levels left.
You knew the following spells:

 Your Spells              Type           Power      Damage    Failure   Level
a - Sandblast             Erth           54%        2d13      1%          1
b - Stone Arrow           Conj/Erth      44%        3d9       4%          3
c - Brom's Barrelling Bo  Conj/Erth      22%        2d4       16%         4

Your spell library contained the following spells:

 Spells                   Type           Power      Damage    Failure   Level
 Passwall                 Erth           27%        N/A       3%          3
 Freeze                   Ice            12%        1d3       14%         1
 Hailstorm                Conj/Ice       11%        3d6       19%         3
 Lesser Beckoning         Tloc           6%         N/A       22%         2
 Petrify                  Alch/Erth      15%        N/A       36%         4
 Frozen Ramparts          Ice            6%         1d1       41%         3
 Gell's Gravitas          Tloc           3%         N/A       41%         3
 Teleport Other           Tloc           3%         N/A       41%         3


Dungeon Overview and Level Annotations

Branches:
Dungeon (5/15)             Temple (1/1) D:5

Altars:
Ashenzari
Dithmenos
Fedhas
Gozag
Hepliaklqana
Kikubaaqudgha
Makhleb
Trog
Uskayaw
Vehumet
Wu Jian
Xom
Zin

Annotations:
D:3 2 transporters, karambola's ghost, amateur OpEE


Innate Abilities, Weirdness & Mutations

You are immune to sickness and miasma.
Your stone body is resilient. (AC +5)
You are immune to poison.
You resist negative energy. (rN+)
You are resistant to electric shocks. (rElec)
You are resistant to unholy torment.
You are immune to petrification.


Message History

You closely miss the iguana.
The iguana is moderately wounded.
The iguana bites you!
You hit the iguana.
The iguana is moderately wounded.
The iguana hisses menacingly.
The iguana closely misses you.
You hit the iguana.
The iguana is heavily wounded.
The iguana bites you!
* * * LOW HITPOINT WARNING * * *
Casting: Stone Arrow (dangerous; 4% risk of failure)
Confirm with . or Enter, or press ? or * to list all spells.
Aiming: Sandblast (safe; 1% risk of failure)
Press: ? - help, Shift-Dir - straight line, f - iguana
Aim: an iguana (heavily wounded, 85% to hit)
The blast of sand hits the iguana.
The iguana is severely wounded.
The iguana barely misses you. The iguana closely misses you.
Unknown command.
Casting: Sandblast (safe; 1% risk of failure)
Confirm with . or Enter, or press ? or * to list all spells.
Aiming: Sandblast (safe; 1% risk of failure)
Press: ? - help, Shift-Dir - straight line, f/p - iguana
Aim: an iguana (severely wounded, 85% to hit)
The blast of sand hits the iguana but does no damage.
The iguana is severely wounded.
The iguana bites you.
* * * LOW HITPOINT WARNING * * *
Casting: Sandblast (safe; 1% risk of failure)
Confirm with . or Enter, or press ? or * to list all spells.
Aiming: Sandblast (safe; 1% risk of failure)
Press: ? - help, Shift-Dir - straight line, f/p - iguana
Aim: an iguana (severely wounded, 85% to hit)
The blast of sand hits the iguana.
The iguana is severely wounded.
The iguana bites you.
* * * LOW HITPOINT WARNING * * *
The iguana bites you.
You die...

........ #.#
.....### #.# #.# ##
..... ##.#.### ...
#.. #l# #.# ###
#@###.# ..#
#...#.#...#
###.#.#.#.#.#
#.###.#.....#.#
#.......#...#.#
#####.#.#...#.######
#.#.#...#.#.....
#.#.#...#.#.#...
#.#.....#.#.#.#.


You could see an iguana.

Vanquished Creatures
  Grinder (D:4)
  Sigmund (D:3)
  An ice beast (D:5)
  A phantom (D:4)
  2 scorpions (D:5)
  A bombardier beetle (D:3)
  A hound (D:4)
  Ijyb (D:4)
  2 orc wizards
  4 gnolls
  4 adders
  A white imp (D:3)
  2 dart slugs
  12 orcs
  5 ball pythons
  5 endoplasms
  5 giant cockroaches
  11 goblins
  9 hobgoblins
  3 jackals
  6 kobolds
  3 quokkas
  6 bats
  A frilled lizard (D:3)
  4 rats
92 creatures vanquished.

Vanquished Creatures (collateral kills)
  An iguana (D:5)
1 creature vanquished.

Grand Total: 93 creatures vanquished

Notes
Turn   | Place    | Note
-------+----------+-------------------------------------------
     0 | D:1      | EWolf27 the Gargoyle Earth Elementalist began the quest for
                  | the Orb.
     0 | D:1      | Reached XP level 1. HP: 10/10 MP: 3/3
   305 | D:1      | Reached skill level 4 in Earth Magic
   475 | D:1      | Reached XP level 2. HP: 15/15 MP: 3/5
  1208 | D:2      | Reached XP level 3. HP: 16/19 MP: 4/6
  1231 | D:2      | Learned a level 3 spell: Stone Arrow
  1738 | D:3      | Noticed Sigmund
  2013 | D:3      | Found a glowing silver altar of Zin.
  2153 | D:3      | Reached XP level 4. HP: 24/24 MP: 4/7
  2254 | D:3      | Found a transporter.
  2260 | D:3      | Noticed karambola's ghost (amateur OpEE)
  2271 | D:3      | Found a transporter.
  2317 | D:3      | Noticed a phantom
  2377 | D:3      | Reached skill level 5 in Earth Magic
  2684 | D:3      | Found a burning altar of Makhleb.
  2684 | D:3      | Noticed a balrug
  2688 | D:3      | Noticed a ynoxinul
  2688 | D:3      | Noticed an orange demon
  2906 | D:3      | Reached skill level 1 in Maces & Flails
  3098 | D:3      | Reached XP level 5. HP: 28/28 MP: 5/9
  3180 | D:3      | Killed Sigmund
  3181 | D:3      | Reached XP level 6. HP: 30/33 MP: 7/10
  3879 | D:3      | Reached skill level 1 in Fighting
  4094 | D:3      | Learned a level 4 spell: Brom's Barrelling Boulder
  4351 | D:4      | Noticed Grinder
  4645 | D:4      | Reached XP level 7. HP: 33/38 MP: 8/12
  4719 | D:4      | Noticed Ijyb
  4734 | D:4      | Killed Ijyb
  5008 | D:4      | Killed Grinder
  5009 | D:4      | Reached skill level 6 in Earth Magic
  5081 | D:4      | Found a bloodstained altar of Trog.
  5577 | D:5      | Entered Level 5 of the Dungeon
  5640 | D:5      | Reached XP level 8. HP: 43/43 MP: 14/14
  6013 | D:5      | Found a staircase to the Ecumenical Temple.
  6024 | Temple   | Entered the Ecumenical Temple
  6305 | D:5      | Slain by an iguana

Illustrated notes

Levels and vault maps discovered:
D:1:      minmay_arrival_nine_rooms, layout_basic, serial_park_tiny_1
D:2:      layout_rooms
D:3:      minmay_diamond_boxcup, layout_basic, makhleb_altar_promises_db,
          zin_treasury, gammafunk_ghost_arena, nicolae_underground_beach,
          uniq_sigmund
D:4:      layout_rooms, trog_hazing_becter, uniq_ijyb, uniq_grinder
D:5:      layout_basic, temple_fountains, serial_shops, kennysheep_mini
Temple:   nicolae_temple_ecumenical_triangle

Skill      XL: |  1  2  3  4  5  6  7  8 |
---------------+-------------------------+-----
Earth Magic    | 4 5 6 |  6.5
Dodging        | 2 |  2.9
Maces & Flails | 1 2 3 |  3.9
Spellcasting   | 3 4 |  4.3
Conjurations   | 2 3 4 |  4.0
Fighting       | 1 |  1.6
Throwing       | |  0.5
Stealth        | |  2.1

Action                     |  1- 3 |  4- 6 |  7- 9 || total
---------------------------+-------+-------+-------++-------
  Melee: Dagger            |     3 |       |       ||     3
         Mace              |    46 |    78 |    44 ||   168
         Punch             |       |     1 |       ||     1
  Throw: Dart              |       |     2 |     4 ||     6
   Cast: Sandblast         |    24 |    36 |    24 ||    84
         Stone Arrow       |       |       |     8 ||     8
    Use: Scroll            |       |     1 |     7 ||     8
   Stab: Sleeping          |     2 |     3 |     1 ||     6
 Armour: Robe              |    28 |    69 |    36 ||   133
  Dodge: Dodged            |    56 |    91 |    43 ||   190
